 Dungeon Crawl Stone Soup version 0.30-a0-622-gddc90eaa04 (webtiles) character file.

Game seed: 4953250718236526037

51 funkygono the Firebug (level 3, 0/19 HPs)
             Began as a Gargoyle Fire Elementalist on Jan 10, 2023.
             Slain by an orc
             ... wielding a +0 war axe
              (6 damage)
             ... on level 3 of the Dungeon.
             The game lasted 00:02:42 (2053 turns).

funkygono the Firebug (Gargoyle Fire Elementalist)  Turns: 2053, Time: 00:02:43

Health: 0/19       AC:  6    Str: 17    XL:     3   Next: 81%
Magic:  6/6        EV: 12    Int: 17    God:
Gold:   69         SH:  0    Dex: 10    Spells: 0/6 levels left

rFire   . . .      SeeInvis .    k - +0 mace
rCold   . . .      Faith    .    (no shield)
rNeg    + . .      Spirit   .    a - +0 robe
rPois   ∞          Reflect  .    (no helmet)
rElec   +          Harm     .    (no cloak)
rCorr   .          Rampage  .    i - +0 pair of gloves
Will    .....                    (no boots)
Stlth   ++                       (no amulet)
HPRegen 0.23/turn                g - +6 ring of strength
MPRegen 0.10/turn                (no ring)

@: no status effects
A: sickness immunity, AC +3, negative energy resistance 1, electricity
resistance, torment resistance 1, petrification resistance
a: no special abilities


You were on level 3 of the Dungeon.
You visited 1 branch of the dungeon, and saw 3 of its levels.

You collected 69 gold pieces.

Inventory:

Hand Weapons
 k - a +0 mace (weapon)
Missiles
 f - 2 throwing nets
Armour
 a - a +0 robe (worn)
 i - a +0 pair of gloves (worn)
Jewellery
 g - a +6 ring of strength (left hand)
Scrolls
 c - 2 scrolls of magic mapping {unknown}
 d - a scroll of identify {unknown}
 e - a scroll of vulnerability {unknown}
Potions
 h - 2 potions of curing {unknown}
 j - a potion of brilliance {unknown}
 l - a potion of heal wounds {unknown}
 m - a potion of attraction {unknown}


   Skills:
 + Level 0.2 Maces & Flails
 + Level 2.0 Dodging
 - Level 2.1 Stealth
 + Level 2.4 Spellcasting
 + Level 1.9 Conjurations
 + Level 3.6 Fire Magic


You couldn't memorise any spells.
You knew the following spells:

 Your Spells              Type           Power      Damage    Failure   Level
a - Foxfire               Conj/Fire      44%        2x1d6     6%          1
b - Scorch                Fire           28%        2d6       6%          2
c - Kindle Blastsparks    Fire/Tloc/Air  12%        2d11      32%         3

Your spell library contained the following spells:

 Spells                   Type           Power      Damage    Failure   Level
 Magic Dart               Conj           32%        1d4       9%          1
 Searing Ray              Conj           16%        2d5       13%         2
 Inner Flame              Hex/Fire       8%         N/A       26%         3
 Poisonous Vapours        Pois/Air       4%         N/A       28%         2
 Mephitic Cloud           Conj/Pois/Air  4%         N/A       41%         3
 Flame Wave               Conj/Fire      11%        2d6       52%         4
 Fulminant Prism          Conj/Hex       2%         3d5       77%         4
 Cigotuvi's Dreadful Rot  Necr/Pois/Air  Unusable   N/A       N/A         2

Dungeon Overview and Level Annotations

Branches:
Dungeon (3/15)

Altars:
Cheibriados
Gozag


Innate Abilities, Weirdness & Mutations

You are immune to sickness and miasma.
Your stone body is resilient. (AC +3)
You are immune to poison.
You resist negative energy. (rN+)
You are resistant to electric shocks. (rElec)
You are resistant to unholy torment.
You are immune to petrification.


Message History

You hit the orc wizard.
The orc wizard is heavily wounded.
You hit the orc wizard but do no damage.
The orc wizard is heavily wounded.
The orc wizard is no longer more vulnerable to fire.
The orc wizard misses you. The orc closely misses you.
The orc wizard hits you with a +0 dagger.
You hit the orc wizard.
The orc wizard is heavily wounded.
The orc completely misses you. The orc wizard misses you.
You closely miss the orc wizard.
The orc wizard is heavily wounded.
The orc closely misses you.
The orc wizard points at you and mumbles some strange words.
You are confused.
You closely miss the orc wizard.
The orc wizard is heavily wounded.
The orc hits you but does no damage. The orc wizard closely misses you.
The orc hits you with a +0 war axe. The orc wizard barely misses you.
Your magical contamination has completely faded away.
You bump into the rock wall.
The orc closely misses you. The orc wizard barely misses you.
You bump into the rock wall.
The orc closely misses you. The orc wizard casts a spell at you.
The magic dart hits you.
You bump into the rock wall.
The orc closely misses you.
The orc wizard points at you and mumbles some strange words.
The magic dart hits you.
You closely miss the orc wizard.
The orc wizard is heavily wounded.
The orc closely misses you.
The orc wizard hits you with a +0 dagger.
Magic courses through your body. The orc barely misses you.
The orc wizard points at you and mumbles some strange words.
You resist with significant effort.
You're too confused to cast spells.
You bump into the rock wall.
You feel less confused. The orc hits you with a +0 war axe.
You die...

#.#.#.#......##.# #.##.
#.#.#.#..##.....# #.##.
#.#.#.#..##.##### #.###
#.#...#..##.# #.#
#......<..#.# #.#
...._.#.###.# #.#
..>.......#.# #.#
####...###.#.########.#
....#.#@o.#..........#
#.#.# #o##############
#.#.#...) #.#.#.#.
#...#.#.# #.. #.# # #.≈
..# #. ###


You could see an orc wizard and an orc.

Vanquished Creatures
  An adder (D:2)
  3 orcs (D:3)
  4 endoplasms
  4 giant cockroaches
  2 hobgoblins
  2 jackals (D:3)
  2 quokkas
  3 ball pythons
  5 bats (D:1)
  2 frilled lizards (D:2)
  4 goblins
  2 kobolds
  4 rats
38 creatures vanquished.

Vanquished Creatures (collateral kills)
  8 foxfires (D:2)
8 creatures vanquished.

Vanquished Creatures (others)
  97 foxfires
  37 plants (D:2)
134 creatures vanquished.

Grand Total: 180 creatures vanquished

Notes
Turn   | Place    | Note
-------+----------+-------------------------------------------
     0 | D:1      | funkygono the Gargoyle Fire Elementalist began the quest
                  | for the Orb.
     0 | D:1      | Reached XP level 1. HP: 10/10 MP: 3/3
   171 | D:1      | Found a faded altar of an unknown god.
   447 | D:1      | Reached XP level 2. HP: 15/15 MP: 1/5
   452 | D:1      | Learned a level 2 spell: Scorch
  1125 | D:2      | Found a snail-covered altar of Cheibriados.
  1336 | D:2      | Reached XP level 3. HP: 19/19 MP: 3/6
  1340 | D:2      | Learned a level 3 spell: Kindle Blastsparks
  1907 | D:3      | Found an opulent altar of Gozag.
  2053 | D:3      | Slain by an orc

Illustrated notes

Levels and vault maps discovered:
D:1:      sevenhm_arrival_forest_fort_large_3, layout_loops_ring,
          chequers_ecumenical_altar_simple
D:2:      layout_rooms, serial_glass, glass_columns_a, glass_columns_b,
          feat_on_display, feat_on_display, basic_altar, serial_bayou_lagoon_a,
          kennysheep_generic_room_4
D:3:      layout_basic, mainiacjoe_overflow_alcove_4,
          mainiacjoe_overflow_boulevard, serial_shops,
          nicolae_shop_temple_entry_statues_fountains,
          kennysheep_generic_room_6, uniq_robin

Skill      XL: |  1  2 |
---------------+-------+-----
Dodging        | 2 |  2.0
Maces & Flails | |  0.2
Stealth        | |  2.1
Spellcasting   | |  2.4
Conjurations   | |  1.9
Fire Magic     | |  3.6

Action                   || total
-------------------------++-------
Melee: Unarmed           ||     1
       Club              ||     1
       Mace              ||     7
 Cast: Foxfire           ||    62
       Scorch            ||     4
  Use: Potion            ||     1
Armor: Robe              ||     8
Dodge: Dodged            ||    27

Table legend: (Time is in decaauts)
 A = Elapsed time spent in this place.
 B = Non-inter-level travel time spent in this place.
 C = Inter-level travel time spent in this place.
 D = Time resting spent in this place.
 E = Time spent auto-exploring this place.
 F = Levels seen in this place.
 G = Mean time per level.
                   A        B        C        D        E       F      G
               +--------+--------+--------+--------+--------+-----+--------+
         Total |   2058 |   1977 |     81 |     19 |   1702 |   3 |  686.0 |
       Dungeon |   2058 |   1977 |     81 |     19 |   1702 |   3 |  686.0 |
               +--------+--------+--------+--------+--------+-----+--------+

Top non-repeatable levels by time:
     D:1: 1124 daAuts
     D:2: 628 daAuts
     D:3: 305 daAuts
